Influenza vs Saguenéens
Created - April 13, 2018 at 19:29
Goals
|
| Influenza |
4 |
2 |
0 |
6 |
| Saguenéens |
2 |
0 |
2 |
4 |
|
Shots
|
| Influenza |
18 |
10 |
13 |
41 |
| Saguenéens |
6 |
10 |
8 |
24 |
|
1st period
1. Saguenéens , Carson Mcmillan 41 (Mason Raymond 64, Luke Witkowski 23) at 7:03
2. Saguenéens , Mason Raymond 40 (Luke Witkowski 24, Carson Mcmillan 39) at 7:53 (PP)
3. Influenza , Lane MacDermid 13 (Garnet Hathaway 22, Mark Olver 25) at 12:50
4. Influenza , Garnet Hathaway 26 (Mark Olver 26, Tim Erixon 19) at 13:47
5. Influenza , Mark Scheifele 54 (T.J Galiardi 59) at 14:49 (PP)
6. Influenza , Charlie Coyle 13 (Jimmy Vesey 34) at 18:29
Penalties :
Oskars Bartulis (VJB) for Holding Stick (Minor) at 7:06, Jake McCabe (Chi) for High sticking (Minor) at 9:06, Juraj Mikus (Chi) for Unsportsmanlike conduct (Minor) at 14:23, Zac Rinaldo (Chi) for High sticking (Minor) at 18:51
2nd period
7. Influenza , T.J Galiardi 33 (Mark Scheifele 55) at 4:37
8. Influenza , T.J Galiardi 34 (Matt Corrente 44) at 15:37
Penalties :
Nick Mattson (Chi) for Tripping (Minor) at 6:21, Patrick Sieloff (Chi) for Tripping (Minor) at 8:48
3rd period
9. Saguenéens , Mason Raymond 41 (Zac Rinaldo 67) at 4:26
10. Saguenéens , Juraj Mikus 31 (Carl Hagelin 37, Mason Raymond 65) at 17:17
Penalties :
Nick Mattson (Chi) for Holding (Minor) at 1:25, Beau Bennett (VJB) for Hooking (Minor) at 5:07
Goalie Stats
Thomas McCollum (VJB), 20 saves from 24 shots - (0.833), W, 40-18-3, 60:00 minutes
Mike Smith (Chi), 11 saves from 15 shots - (0.733), 18:29 minutes
Martin Jones (Chi), 24 saves from 26 shots - (0.923), L, 6-11-0, 41:31 minutes
Players Stats for Influenza
Player Name G A P +/- PIM S H SB GA TA FO MP PP MP PK MP
------------------------------------------------------------------------------------
Beau Bennett 0 0 0 0 2 1 2 1 1 0 1/1 15:00 4:33 0:19
Charlie Coyle 1 0 1 0 0 1 1 0 0 0 2/9 9:57 0:00 0:00
Dmitry Sinitsyn 0 0 0 -1 0 0 0 2 0 0 0/0 9:26 0:00 0:00
Garnet Hathaway 1 1 2 2 0 5 1 0 0 0 1/1 10:01 0:32 0:00
Iiro Pakarinen 0 0 0 0 0 3 0 0 1 0 0/0 13:10 0:25 0:38
Jeff May 0 0 0 -1 0 0 1 2 0 0 0/0 17:13 4:18 2:01
Jeremy Morin 0 0 0 0 0 3 6 1 0 1 0/2 22:37 5:22 1:36
Jimmy Vesey 0 1 1 0 0 2 2 0 0 0 0/0 14:39 4:33 0:00
Jordan Schroeder 0 0 0 0 0 4 3 0 0 0 1/1 12:37 0:30 0:00
Lane MacDermid 1 0 1 2 0 1 1 1 0 0 1/1 9:24 0:00 0:25
Mark Olver 0 2 2 2 0 2 2 0 0 0 7/9 15:15 4:33 1:37
Mark Scheifele 1 1 2 0 0 7 1 1 3 0 17/29 21:55 5:17 0:57
Matt Corrente 0 1 1 1 0 0 0 0 0 1 0/0 21:45 6:03 0:45
Nikita Gusev 0 0 0 0 0 0 0 0 0 0 0/0 11:39 0:00 0:00
Oskars Bartulis 0 0 0 2 2 4 3 0 0 0 0/0 28:17 6:03 1:14
Paul Ladue 0 0 0 1 0 1 2 1 1 0 0/0 22:16 4:18 1:32
T.J Galiardi 2 1 3 0 0 5 1 0 1 0 2/4 20:59 5:18 0:00
Tim Erixon 0 1 1 2 0 2 2 0 0 0 0/0 21:02 0:00 0:00
Players Stats for Saguenéens
Player Name G A P +/- PIM S H SB GA TA FO MP PP MP PK MP
------------------------------------------------------------------------------------
Artur Gavrus 0 0 0 0 0 0 0 0 0 0 0/0 0:02 0:00 0:00
Brett Lebda 0 0 0 0 0 1 1 0 0 1 0/0 26:31 2:07 5:43
Brody Sutter 0 0 0 0 0 0 0 0 0 0 0/0 0:02 0:00 0:00
Calle Andersson 0 0 0 0 0 0 1 0 0 1 0/0 12:57 0:00 1:55
Carl Hagelin 0 1 1 0 0 1 1 0 0 0 1/1 13:26 0:51 0:00
Carson Mcmillan 1 1 2 1 0 5 2 0 1 0 6/10 20:44 1:55 5:34
Craig Cunningham 0 0 0 -2 0 0 3 1 0 0 0/0 11:02 0:00 1:42
Henrik Samuelsson 0 0 0 -2 0 0 0 0 0 0 2/7 9:06 0:00 0:00
Jake McCabe 0 0 0 -1 2 1 2 0 0 0 0/0 19:25 0:39 3:51
Jerry D'Amigo 0 0 0 -1 0 4 1 0 0 0 0/0 11:37 0:00 0:00
Juraj Mikus 1 0 1 0 2 3 1 0 0 1 5/10 13:25 0:51 0:00
Luke Witkowski 0 2 2 0 0 1 2 1 0 1 0/0 25:15 2:07 5:43
Mason Raymond 2 2 4 1 0 4 0 1 1 0 1/2 20:44 1:55 5:34
Mikhail Grigorenko 0 0 0 -1 0 0 1 0 0 1 0/2 11:46 0:00 0:09
Nicholas Walters 0 0 0 -1 0 0 0 0 0 0 0/0 5:05 0:00 1:04
Nick Mattson 0 0 0 -2 4 0 3 1 0 0 0/0 19:27 0:39 2:26
Nikita Kucherov 0 0 0 0 0 2 2 0 0 0 0/0 16:35 0:51 3:05
Patrick Sieloff 0 0 0 0 2 0 4 0 0 0 0/0 11:34 0:00 0:00
Rhett Rakhshani 0 0 0 -2 0 1 1 1 0 1 0/0 11:38 0:00 2:16
Teemu Pulkkinen 0 0 0 -1 0 0 0 0 0 0 0/1 11:37 0:00 0:00
Zac Rinaldo 0 1 1 1 2 1 1 2 0 1 10/24 17:35 1:55 2:22
3 Stars
1 - Mason Raymond (Chi)
2 - T.J Galiardi (VJB)
3 - Garnet Hathaway (VJB)
Power Play
Influenza - 1 on 6 Attempt(s) - 16.67%
Saguenéens - 1 on 2 Attempt(s) - 50.00%
Penalty Kill
Influenza - 1 on 2 Attempt(s) - 50.00%
- Score 0 goal in Penalty Kill
Saguenéens - 5 on 6 Attempt(s) - 83.33%
- Score 0 goal in Penalty Kill
Team Stat
Influenza - Hits : 28 - Faceoff Wins : 32 - Blocked Shots : 9 - Penalty Minutes : 4
Saguenéens - Hits : 26 - Faceoff Wins : 25 - Blocked Shots : 7 - Penalty Minutes : 12
Official
Referees : Jackson Dave and Kimmerly Greg
Linesman : Tony Sericolo and Lonnie Cameron
Game Notes
Martin Jones enters game at 18:29 of 1st period
Finance
Level 1 -- Attendance: 1634 (81.70%) -- Ticket Income $65,360
Level 2 -- Attendance: 727 (72.70%) -- Ticket Income $14,540
Total Attendance: 2361 (78.70%)
Total Ticket Income: $79,900
Other Income: $3,995
Total Income: $83,895
Influenza
5 vs 5 Forward
Center Left Wing Right Wing Time % Phy DF OF
1 Mark Scheifele T.J Galiardi Jeremy Morin 40 1 2 2
2 Charlie Coyle Jimmy Vesey Beau Bennett 30 1 2 2
3 Mark Olver Lane MacDermid Garnet Hathaway 20 1 2 2
4 Jordan Schroeder Nikita Gusev Iiro Pakarinen 10 1 2 2
5 vs 5 Defense
Defense Defense Time % Phy DF OF
1 Oskars Bartulis Tim Erixon 40 1 2 2
2 Matt Corrente Paul Ladue 30 1 2 2
3 Jeff May Dmitry Sinitsyn 20 1 2 2
4 Oskars Bartulis Tim Erixon 10 1 2 2
PowerPlay Forward
Center Left Wing Right Wing Time % Phy DF OF
1 Mark Scheifele T.J Galiardi Jeremy Morin 60 1 2 2
2 Mark Olver Jimmy Vesey Beau Bennett 40 1 2 2
PowerPlay Defense
Defense Defense Time % Phy DF OF
1 Oskars Bartulis Matt Corrente 60 1 2 2
2 Jeff May Paul Ladue 40 1 2 2
Penalty Kill 4 Players Forward
Center Wing Time % Phy DF OF
1 Mark Olver Jeremy Morin 60 1 2 2
2 Mark Scheifele Beau Bennett 40 1 2 2
Penalty Kill 4 Players Defense
Defense Defense Time % Phy DF OF
1 Oskars Bartulis Jeff May 60 1 2 2
2 Matt Corrente Paul Ladue 40 1 2 2
Penalty Kill - 3 Players Forward
Forward Time % Phy DF OF
1 Mark Olver 60 1 2 2
2 Mark Scheifele 40 1 2 2
Penalty Kill - 3 Players Defense
Defense Defense Time % Phy DF OF
1 Oskars Bartulis Jeff May 60 1 2 2
2 Matt Corrente Paul Ladue 40 1 2 2
4 vs 4 Forward
Center Wing Time % Phy DF OF
1 Mark Scheifele Jeremy Morin 60 1 2 2
2 Mark Olver Beau Bennett 40 1 2 2
4 vs 4 Defense
Defense Defense Time % Phy DF OF
1 Oskars Bartulis Jeff May 60 1 2 2
2 Matt Corrente Paul Ladue 40 1 2 2
Last Minutes Offensive
Center Left Wing Right Wing Defense Defense
Mark Scheifele T.J Galiardi Jeremy Morin Oskars Bartulis Matt Corrente
Last Minutes Defensive
Center Left Wing Right Wing Defense Defense
Mark Scheifele T.J Galiardi Jeremy Morin Oskars Bartulis Matt Corrente
Goaltenders
Starting : Thomas McCollum
Backup : Tyson Sexsmith
Extra Forwards
Normal : Garnet Hathaway, Jordan Schroeder, Iiro Pakarinen - PP : Garnet Hathaway, Jordan Schroeder - PK : Iiro Pakarinen
Extra Defensemen
Normal : Matt Corrente, Oskars Bartulis, Jeff May - PP : Matt Corrente - PK : Oskars Bartulis, Jeff May
Penalty Shots
Jeremy Morin, Mark Olver, Beau Bennett, Mark Scheifele, Garnet Hathaway
Scratches
Jacob Josefson (Healthy), Jamie Devane (Healthy), Joe Morrow (Healthy), Johan Larsson (Healthy), Fredric Larsson (Healthy)
Tom Kuhnhackl (Healthy), Rocco Grimaldi (Healthy), Ryan Sproul (Healthy), Josh Andrerson (Healthy), Mathieu Carle (Bruised Right Shoulder Injury)
Jesse Graham (Healthy), Vince Rocco (Healthy), Jamie Phillips (Healthy)
Saguenéens
5 vs 5 Forward
Center Left Wing Right Wing Time % Phy DF OF
1 Zac Rinaldo Mason Raymond Carson Mcmillan 40 1 2 2
2 Juraj Mikus Carl Hagelin Nikita Kucherov 30 1 2 2
3 Henrik Samuelsson Craig Cunningham Rhett Rakhshani 20 1 2 2
4 Mikhail Grigorenko Teemu Pulkkinen Jerry D'Amigo 10 1 2 2
5 vs 5 Defense
Defense Defense Time % Phy DF OF
1 Brett Lebda Luke Witkowski 40 1 2 2
2 Jake McCabe Nick Mattson 30 1 2 2
3 Patrick Sieloff Calle Andersson 20 1 2 2
4 Nicholas Walters Brett Lebda 10 1 2 2
PowerPlay Forward
Center Left Wing Right Wing Time % Phy DF OF
1 Zac Rinaldo Mason Raymond Carson Mcmillan 60 1 2 2
2 Juraj Mikus Carl Hagelin Nikita Kucherov 40 1 2 2
PowerPlay Defense
Defense Defense Time % Phy DF OF
1 Brett Lebda Luke Witkowski 60 1 2 2
2 Jake McCabe Nick Mattson 40 1 2 2
Penalty Kill 4 Players Forward
Center Wing Time % Phy DF OF
1 Carson Mcmillan Mason Raymond 60 1 2 2
2 Nikita Kucherov Zac Rinaldo 40 1 2 2
Penalty Kill 4 Players Defense
Defense Defense Time % Phy DF OF
1 Brett Lebda Luke Witkowski 60 1 2 2
2 Jake McCabe Nick Mattson 40 1 2 2
Penalty Kill - 3 Players Forward
Forward Time % Phy DF OF
1 Carson Mcmillan 60 1 2 2
2 Mason Raymond 40 1 2 2
Penalty Kill - 3 Players Defense
Defense Defense Time % Phy DF OF
1 Brett Lebda Luke Witkowski 60 1 2 2
2 Jake McCabe Nick Mattson 40 1 2 2
4 vs 4 Forward
Center Wing Time % Phy DF OF
1 Carson Mcmillan Mason Raymond 60 1 2 2
2 Nikita Kucherov Zac Rinaldo 40 1 2 2
4 vs 4 Defense
Defense Defense Time % Phy DF OF
1 Brett Lebda Luke Witkowski 60 1 2 2
2 Jake McCabe Nick Mattson 40 1 2 2
Last Minutes Offensive
Center Left Wing Right Wing Defense Defense
Zac Rinaldo Mason Raymond Carson Mcmillan Brett Lebda Luke Witkowski
Last Minutes Defensive
Center Left Wing Right Wing Defense Defense
Zac Rinaldo Mason Raymond Carson Mcmillan Brett Lebda Luke Witkowski
Goaltenders
Starting : Mike Smith
Backup : Martin Jones
Extra Forwards
Normal : Brody Sutter, Artur Gavrus, Rhett Rakhshani - PP : Brody Sutter, Artur Gavrus - PK : Rhett Rakhshani
Extra Defensemen
Normal : Patrick Sieloff, Calle Andersson, Nicholas Walters - PP : Patrick Sieloff - PK : Calle Andersson, Nicholas Walters
Penalty Shots
Carson Mcmillan, Mason Raymond, Nikita Kucherov, Zac Rinaldo, Carl Hagelin
Scratches
Tanner Richard (Strained Left Knee Injury), Garret Sparks (Healthy)
% Time on Ice - Influenza
Lines # - Real PCT - Wanted PCT - Time Play
Normal Forward
1 - 35% - 40% - 16:12
2 - 22% - 30% - 10:06
3 - 19% - 20% - 8:56
4 - 25% - 10% - 11:39
Normal Defense
1 - 43% - 40% - 20:12
2 - 34% - 30% - 16:01
3 - 20% - 20% - 9:26
4 - 3% - 10% - 1:14
PP Forward
1 - 56% - 60% - 5:48
2 - 44% - 40% - 4:33
PP Defense
1 - 58% - 60% - 6:03
2 - 42% - 40% - 4:18
PK Forward
1 - 72% - 60% - 2:00
2 - 28% - 40% - 0:46
PK Defense
1 - 73% - 60% - 2:01
2 - 27% - 40% - 0:45
PK3 Forward
1 - 0% - 60%
2 - 0% - 40%
PK3 Defense
1 - 0% - 60%
2 - 0% - 40%
44 Forward
1 - 0% - 60%
2 - 0% - 40%
44 Defense
1 - 0% - 60%
2 - 0% - 40%
Last Minute Offensive - 0:00
Last Minute Defensive - 0:00
Total
Forward - 60:00
Defense - 60:00
|
% Time on Ice - Saguenéens
Lines # - Real PCT - Wanted PCT - Time Play
Normal Forward
1 - 29% - 40% - 13:29
2 - 27% - 30% - 12:41
3 - 19% - 20% - 9:06
4 - 25% - 10% - 11:37
Normal Defense
1 - 37% - 40% - 17:25
2 - 34% - 30% - 16:10
3 - 24% - 20% - 11:02
4 - 5% - 10% - 2:16
PP Forward
1 - 69% - 60% - 1:55
2 - 31% - 40% - 0:51
PP Defense
1 - 77% - 60% - 2:07
2 - 23% - 40% - 0:39
PK Forward
1 - 70% - 60% - 7:16
2 - 30% - 40% - 3:05
PK Defense
1 - 55% - 60% - 5:43
2 - 45% - 40% - 4:38
PK3 Forward
1 - 0% - 60%
2 - 0% - 40%
PK3 Defense
1 - 0% - 60%
2 - 0% - 40%
44 Forward
1 - 0% - 60%
2 - 0% - 40%
44 Defense
1 - 0% - 60%
2 - 0% - 40%
Last Minute Offensive - 0:00
Last Minute Defensive - 0:00
Total
Forward - 60:00
Defense - 60:00
|
Play by Play
1st period
0:01 of 1st period - Mark Scheifele wins face-off versus Zac Rinaldo in neutral zone.
0:04 of 1st period - Zac Rinaldo is hit by Jeremy Morin and loses puck.
0:29 of 1st period - Luke Witkowski is hit by Beau Bennett and loses puck.
0:38 of 1st period - Brett Lebda is hit by Jimmy Vesey.
0:50 of 1st period - Icing by Carl Hagelin.
0:51 of 1st period - Garnet Hathaway wins face-off versus Henrik Samuelsson in Saguenéens zone.
1:27 of 1st period - Backhand shot by T.J Galiardi.
1:27 of 1st period - Shot Misses the Net.
1:29 of 1st period - Slapshot by Jeremy Morin.
1:29 of 1st period - Shot Hit the Post.
2:09 of 1st period - Snap shot by Nikita Kucherov.
2:09 of 1st period - Stopped by Thomas McCollum without a rebound.
2:10 of 1st period - Zac Rinaldo wins face-off versus Mark Scheifele in Influenza zone.
2:35 of 1st period - Charlie Coyle is hit by Craig Cunningham and loses puck.
2:57 of 1st period - Off-side.
2:58 of 1st period - Lane MacDermid wins face-off versus Juraj Mikus in neutral zone.
3:11 of 1st period - Wrist shot by Garnet Hathaway.
3:11 of 1st period - Stopped by Mike Smith with a rebound.
3:21 of 1st period - Paul Ladue is hit by Patrick Sieloff.
3:40 of 1st period - Mark Olver is hit by Nikita Kucherov.
4:02 of 1st period - Slapshot by Nikita Kucherov.
4:02 of 1st period - Stopped by Thomas McCollum with a rebound.
4:10 of 1st period - Snap shot by Nikita Kucherov.
4:10 of 1st period - Deflect By Carl Hagelin.
4:10 of 1st period - Stopped by Thomas McCollum without a rebound.
4:11 of 1st period - Mark Scheifele wins face-off versus Zac Rinaldo in Influenza zone.
4:24 of 1st period - Snap shot by T.J Galiardi.
4:24 of 1st period - Stopped by Mike Smith with a rebound.
4:36 of 1st period - Oskars Bartulis is hit by Brett Lebda.
5:46 of 1st period - Snap shot by T.J Galiardi.
5:46 of 1st period - Shot Misses the Net.
5:58 of 1st period - Iiro Pakarinen is hit by Mikhail Grigorenko and loses puck.
6:30 of 1st period - Juraj Mikus is hit by Jeremy Morin and loses puck.
7:03 of 1st period - Slapshot by Carson Mcmillan.
7:03 of 1st period - Goal by Carson Mcmillan - Influenza : 0 - Saguenéens : 1.
7:04 of 1st period - Mark Scheifele wins face-off versus Zac Rinaldo in neutral zone.
7:06 of 1st period - Minor Penalty to Oskars Bartulis for Holding Stick.
7:07 of 1st period - Mark Olver wins face-off versus Zac Rinaldo in Influenza zone.
7:23 of 1st period - Slapshot by Mason Raymond.
7:23 of 1st period - Shot Misses the Net.
7:47 of 1st period - Snap shot by Mason Raymond.
7:47 of 1st period - Shot Blocked by Paul Ladue.
7:49 of 1st period - Slapshot by Luke Witkowski.
7:49 of 1st period - Deflect By Carson Mcmillan.
7:49 of 1st period - Stopped by Thomas McCollum with a rebound.
7:53 of 1st period - Slapshot by Mason Raymond.
7:53 of 1st period - Goal by Mason Raymond - Influenza : 0 - Saguenéens : 2.
7:54 of 1st period - Mark Scheifele wins face-off versus Henrik Samuelsson in neutral zone.
8:05 of 1st period - Snap shot by Mark Scheifele.
8:05 of 1st period - Shot Blocked by Craig Cunningham.
8:43 of 1st period - Carson Mcmillan is hit by Jordan Schroeder.
9:06 of 1st period - Minor Penalty to Jake McCabe for High sticking.
9:07 of 1st period - Carson Mcmillan wins face-off versus Mark Scheifele in Saguenéens zone.
9:39 of 1st period - Luke Witkowski is hit by Paul Ladue and loses puck.
9:57 of 1st period - Icing by Jeff May.
9:58 of 1st period - Carson Mcmillan wins face-off versus Mark Scheifele in Influenza zone.
11:06 of 1st period - Penalty to Jake McCabe is over, Jake McCabe is back on ice.
11:40 of 1st period - Mikhail Grigorenko is hit by Garnet Hathaway and loses puck.
12:18 of 1st period - Nick Mattson is hit by T.J Galiardi and loses puck.
12:29 of 1st period - Rhett Rakhshani is hit by Paul Ladue and loses puck.
12:34 of 1st period - Slapshot by Iiro Pakarinen.
12:34 of 1st period - Shot Blocked by Nick Mattson.
12:38 of 1st period - Wrist shot by Jordan Schroeder.
12:38 of 1st period - Stopped by Mike Smith with a rebound.
12:48 of 1st period - Slapshot by Garnet Hathaway.
12:48 of 1st period - Stopped by Mike Smith with a rebound.
12:50 of 1st period - Backhand shot by Lane MacDermid.
12:50 of 1st period - Goal by Lane MacDermid - Influenza : 1 - Saguenéens : 2.
12:51 of 1st period - Mason Raymond wins face-off versus Mark Scheifele in neutral zone.
12:58 of 1st period - Snap shot by Mason Raymond.
12:58 of 1st period - Shot Blocked by Jeremy Morin.
13:35 of 1st period - Wrist shot by Garnet Hathaway.
13:35 of 1st period - Stopped by Mike Smith without a rebound.
13:36 of 1st period - Mark Olver wins face-off versus Henrik Samuelsson in Saguenéens zone.
13:41 of 1st period - Slapshot by Mark Olver.
13:41 of 1st period - Stopped by Mike Smith with a rebound.
13:43 of 1st period - Snap shot by Oskars Bartulis.
13:43 of 1st period - Shot Blocked by Rhett Rakhshani.
13:45 of 1st period - Slapshot by Tim Erixon.
13:45 of 1st period - Stopped by Mike Smith with a rebound.
13:47 of 1st period - Wrist shot by Mark Olver.
13:47 of 1st period - Deflect By Garnet Hathaway.
13:47 of 1st period - Goal by Garnet Hathaway - Influenza : 2 - Saguenéens : 2.
13:48 of 1st period - Mark Scheifele wins face-off versus Zac Rinaldo in neutral zone.
14:23 of 1st period - Minor Penalty to Juraj Mikus for Unsportsmanlike conduct.
14:24 of 1st period - Carson Mcmillan wins face-off versus Mark Scheifele in Saguenéens zone.
14:39 of 1st period - Icing by T.J Galiardi.
14:40 of 1st period - Carson Mcmillan wins face-off versus Mark Scheifele in Influenza zone.
14:49 of 1st period - Snap shot by Mark Scheifele.
14:49 of 1st period - Goal by Mark Scheifele - Influenza : 3 - Saguenéens : 2.
14:50 of 1st period - Mark Scheifele wins face-off versus Zac Rinaldo in neutral zone.
15:28 of 1st period - Wrist shot by Jimmy Vesey.
15:28 of 1st period - Stopped by Mike Smith with a rebound.
15:30 of 1st period - Wrist shot by Oskars Bartulis.
15:30 of 1st period - Stopped by Mike Smith without a rebound.
15:31 of 1st period - Charlie Coyle wins face-off versus Henrik Samuelsson in Saguenéens zone.
15:40 of 1st period - Oskars Bartulis is hit by Patrick Sieloff and loses puck.
15:57 of 1st period - Charlie Coyle is hit by Patrick Sieloff and loses puck.
16:26 of 1st period - T.J Galiardi is hit by Carson Mcmillan and loses puck.
16:39 of 1st period - Luke Witkowski is hit by Tim Erixon and loses puck.
17:03 of 1st period - Matt Corrente is hit by Craig Cunningham and loses puck.
17:36 of 1st period - Off-side.
17:37 of 1st period - Mark Olver wins face-off versus Juraj Mikus in neutral zone.
18:23 of 1st period - Wrist shot by Jimmy Vesey.
18:23 of 1st period - Stopped by Mike Smith with a rebound.
18:25 of 1st period - Slapshot by Paul Ladue.
18:25 of 1st period - Stopped by Mike Smith without a rebound.
18:26 of 1st period - Charlie Coyle wins face-off versus Mikhail Grigorenko in Saguenéens zone.
18:27 of 1st period - Slapshot by Jimmy Vesey.
18:27 of 1st period - Shot Misses the Net.
18:29 of 1st period - Snap shot by Charlie Coyle.
18:29 of 1st period - Goal by Charlie Coyle - Influenza : 4 - Saguenéens : 2.
18:29 of 1st period - Martin Jones enters game.
18:30 of 1st period - Mark Scheifele wins face-off versus Zac Rinaldo in neutral zone.
18:41 of 1st period - Slapshot by Mark Scheifele.
18:41 of 1st period - Stopped by Martin Jones with a rebound.
18:43 of 1st period - Snap shot by Mark Scheifele.
18:43 of 1st period - Stopped by Martin Jones with a rebound.
18:45 of 1st period - Slapshot by Oskars Bartulis.
18:45 of 1st period - Stopped by Martin Jones with a rebound.
18:51 of 1st period - Minor Penalty to Zac Rinaldo for High sticking.
18:52 of 1st period - Mark Scheifele wins face-off versus Carson Mcmillan in Saguenéens zone.
Goals for this period are 4 for Influenza vs 2 for Saguenéens.
Shots for this period are 18 for Influenza vs 6 for Saguenéens.
2nd period
0:01 of 2nd period - Carson Mcmillan wins face-off versus Mark Scheifele in neutral zone.
0:16 of 2nd period - Slapshot by T.J Galiardi.
0:16 of 2nd period - Shot Blocked by Luke Witkowski.
0:51 of 2nd period - Penalty to Zac Rinaldo is over, Zac Rinaldo is back on ice.
2:10 of 2nd period - Wrist shot by Mark Olver.
2:10 of 2nd period - Stopped by Martin Jones without a rebound.
2:11 of 2nd period - Juraj Mikus wins face-off versus Mark Scheifele in Saguenéens zone.
2:28 of 2nd period - Juraj Mikus is hit by Jeremy Morin and loses puck.
2:36 of 2nd period - Icing by Carl Hagelin.
2:37 of 2nd period - Juraj Mikus wins face-off versus Charlie Coyle in Saguenéens zone.
2:37 of 2nd period - Juraj Mikus is hit by Charlie Coyle.
4:17 of 2nd period - Slapshot by Carson Mcmillan.
4:17 of 2nd period - Shot Blocked by Beau Bennett.
4:19 of 2nd period - Wrist shot by Mason Raymond.
4:19 of 2nd period - Stopped by Thomas McCollum with a rebound.
4:21 of 2nd period - Slapshot by Carson Mcmillan.
4:21 of 2nd period - Stopped by Thomas McCollum without a rebound.
4:22 of 2nd period - Mark Scheifele wins face-off versus Zac Rinaldo in Influenza zone.
4:35 of 2nd period - Wrist shot by Mark Scheifele.
4:35 of 2nd period - Stopped by Martin Jones without a rebound.
4:36 of 2nd period - Mark Scheifele wins face-off versus Zac Rinaldo in Saguenéens zone.
4:37 of 2nd period - Wrist shot by T.J Galiardi.
4:37 of 2nd period - Goal by T.J Galiardi - Influenza : 5 - Saguenéens : 2.
4:38 of 2nd period - Zac Rinaldo wins face-off versus T.J Galiardi in neutral zone.
4:46 of 2nd period - Slapshot by Oskars Bartulis.
4:46 of 2nd period - Stopped by Martin Jones with a rebound.
4:48 of 2nd period - Slapshot by Jeremy Morin.
4:48 of 2nd period - Shot Blocked by Mason Raymond.
4:50 of 2nd period - Snap shot by Jeremy Morin.
4:50 of 2nd period - Stopped by Martin Jones with a rebound.
4:52 of 2nd period - Wrist shot by Tim Erixon.
4:52 of 2nd period - Stopped by Martin Jones without a rebound.
4:53 of 2nd period - Zac Rinaldo wins face-off versus Charlie Coyle in Saguenéens zone.
4:58 of 2nd period - Tim Erixon is hit by Luke Witkowski and loses puck.
5:46 of 2nd period - Snap shot by Rhett Rakhshani.
5:46 of 2nd period - Shot Misses the Net.
6:21 of 2nd period - Minor Penalty to Nick Mattson for Tripping.
6:22 of 2nd period - Mark Scheifele wins face-off versus Carson Mcmillan in Saguenéens zone.
6:37 of 2nd period - Wrist shot by Mark Scheifele.
6:37 of 2nd period - Stopped by Martin Jones with a rebound.
7:24 of 2nd period - Mason Raymond is hit by Mark Scheifele and loses puck.
8:01 of 2nd period - Slapshot by Brett Lebda.
8:01 of 2nd period - Shot Misses the Net.
8:21 of 2nd period - Penalty to Nick Mattson is over, Nick Mattson is back on ice.
8:33 of 2nd period - Snap shot by Jerry D'Amigo.
8:33 of 2nd period - Stopped by Thomas McCollum with a rebound.
8:35 of 2nd period - Snap shot by Mikhail Grigorenko.
8:35 of 2nd period - Shot Misses the Net.
8:37 of 2nd period - Wrist shot by Brett Lebda.
8:37 of 2nd period - Shot Blocked by Jeff May.
8:48 of 2nd period - Minor Penalty to Patrick Sieloff for Tripping.
8:49 of 2nd period - T.J Galiardi wins face-off versus Carson Mcmillan in Saguenéens zone.
9:01 of 2nd period - Luke Witkowski is hit by Oskars Bartulis and loses puck.
9:14 of 2nd period - Mason Raymond is hit by Mark Olver and loses puck.
9:23 of 2nd period - Snap shot by Beau Bennett.
9:23 of 2nd period - Shot Misses the Net.
9:47 of 2nd period - Nikita Kucherov is hit by Jeremy Morin and loses puck.
10:48 of 2nd period - Penalty to Patrick Sieloff is over, Patrick Sieloff is back on ice.
10:54 of 2nd period - Mikhail Grigorenko is hit by Jordan Schroeder and loses puck.
11:43 of 2nd period - Snap shot by Henrik Samuelsson.
11:43 of 2nd period - Shot Misses the Net.
11:45 of 2nd period - Snap shot by Henrik Samuelsson.
11:45 of 2nd period - Shot Misses the Net.
11:47 of 2nd period - Wrist shot by Rhett Rakhshani.
11:47 of 2nd period - Stopped by Thomas McCollum without a rebound.
11:48 of 2nd period - Zac Rinaldo wins face-off versus Charlie Coyle in Influenza zone.
11:51 of 2nd period - Snap shot by Mason Raymond.
11:51 of 2nd period - Stopped by Thomas McCollum with a rebound.
12:35 of 2nd period - Nikita Kucherov is hit by Mark Olver and loses puck.
12:46 of 2nd period - Lane MacDermid is hit by Luke Witkowski and loses puck.
12:55 of 2nd period - Garnet Hathaway is hit by Nikita Kucherov and loses puck.
13:04 of 2nd period - Snap shot by Garnet Hathaway.
13:04 of 2nd period - Stopped by Martin Jones without a rebound.
13:05 of 2nd period - Zac Rinaldo wins face-off versus Jeremy Morin in Saguenéens zone.
13:30 of 2nd period - Tim Erixon is hit by Jake McCabe and loses puck.
14:18 of 2nd period - Slapshot by Mark Scheifele.
14:18 of 2nd period - Deflect By Jeremy Morin.
14:18 of 2nd period - Shot Misses the Net.
14:18 of 2nd period - Puck is out of play.
14:19 of 2nd period - Juraj Mikus wins face-off versus T.J Galiardi in Saguenéens zone.
14:31 of 2nd period - Icing by Matt Corrente.
14:32 of 2nd period - Zac Rinaldo wins face-off versus Mark Scheifele in Influenza zone.
15:37 of 2nd period - Wrist shot by T.J Galiardi.
15:37 of 2nd period - Goal by T.J Galiardi - Influenza : 6 - Saguenéens : 2.
15:38 of 2nd period - Zac Rinaldo wins face-off versus Charlie Coyle in neutral zone.
15:45 of 2nd period - Snap shot by Zac Rinaldo.
15:45 of 2nd period - Stopped by Thomas McCollum without a rebound.
15:46 of 2nd period - Zac Rinaldo wins face-off versus Charlie Coyle in Influenza zone.
15:57 of 2nd period - Snap shot by Carson Mcmillan.
15:57 of 2nd period - Stopped by Thomas McCollum without a rebound.
15:58 of 2nd period - Mark Scheifele wins face-off versus Carson Mcmillan in Influenza zone.
16:32 of 2nd period - Snap shot by Juraj Mikus.
16:32 of 2nd period - Stopped by Thomas McCollum without a rebound.
16:33 of 2nd period - Carl Hagelin wins face-off versus Mark Scheifele in Influenza zone.
16:38 of 2nd period - Wrist shot by Juraj Mikus.
16:38 of 2nd period - Stopped by Thomas McCollum with a rebound.
16:40 of 2nd period - Slapshot by Nick Mattson.
16:40 of 2nd period - Shot Blocked by Dmitry Sinitsyn.
17:09 of 2nd period - Beau Bennett is hit by Zac Rinaldo and loses puck.
17:22 of 2nd period - Nick Mattson is hit by Lane MacDermid and loses puck.
18:05 of 2nd period - Brett Lebda is hit by Beau Bennett and loses puck.
18:12 of 2nd period - Slapshot by Luke Witkowski.
18:12 of 2nd period - Shot Blocked by Dmitry Sinitsyn.
18:38 of 2nd period - Snap shot by Carson Mcmillan.
18:38 of 2nd period - Stopped by Thomas McCollum without a rebound.
18:39 of 2nd period - T.J Galiardi wins face-off versus Juraj Mikus in Influenza zone.
19:01 of 2nd period - Icing by Calle Andersson.
19:02 of 2nd period - Beau Bennett wins face-off versus Mason Raymond in Saguenéens zone.
19:15 of 2nd period - Snap shot by Beau Bennett.
19:15 of 2nd period - Shot Misses the Net.
19:17 of 2nd period - Wrist shot by Beau Bennett.
19:17 of 2nd period - Stopped by Martin Jones with a rebound.
19:51 of 2nd period - Wrist shot by Garnet Hathaway.
19:51 of 2nd period - Shot Misses the Net.
Goals for this period are 2 for Influenza vs 0 for Saguenéens.
Shots for this period are 10 for Influenza vs 10 for Saguenéens.
3rd period
0:01 of 3rd period - Zac Rinaldo wins face-off versus Mark Scheifele in neutral zone.
0:09 of 3rd period - Snap shot by T.J Galiardi.
0:09 of 3rd period - Stopped by Martin Jones without a rebound.
0:10 of 3rd period - Mark Scheifele wins face-off versus Zac Rinaldo in Saguenéens zone.
0:21 of 3rd period - Wrist shot by T.J Galiardi.
0:21 of 3rd period - Shot Misses the Net.
0:23 of 3rd period - Slapshot by Oskars Bartulis.
0:23 of 3rd period - Stopped by Martin Jones with a rebound.
0:25 of 3rd period - Slapshot by Tim Erixon.
0:25 of 3rd period - Shot Blocked by Zac Rinaldo.
0:48 of 3rd period - Snap shot by Jeremy Morin.
0:48 of 3rd period - Shot Misses the Net.
1:06 of 3rd period - Slapshot by Mark Scheifele.
1:06 of 3rd period - Shot Misses the Net.
1:08 of 3rd period - Slapshot by Mark Scheifele.
1:08 of 3rd period - Stopped by Martin Jones with a rebound.
1:20 of 3rd period - Wrist shot by Mark Scheifele.
1:20 of 3rd period - Shot Blocked by Zac Rinaldo.
1:22 of 3rd period - Wrist shot by Jeremy Morin.
1:22 of 3rd period - Stopped by Martin Jones without a rebound.
1:23 of 3rd period - Juraj Mikus wins face-off versus Charlie Coyle in Saguenéens zone.
1:25 of 3rd period - Minor Penalty to Nick Mattson for Holding.
1:26 of 3rd period - Carson Mcmillan wins face-off versus Mark Olver in Saguenéens zone.
2:53 of 3rd period - Mason Raymond is hit by Jeff May and loses puck.
3:25 of 3rd period - Penalty to Nick Mattson is over, Nick Mattson is back on ice.
4:02 of 3rd period - Wrist shot by Jerry D'Amigo.
4:02 of 3rd period - Stopped by Thomas McCollum without a rebound.
4:03 of 3rd period - Mark Olver wins face-off versus Mikhail Grigorenko in Influenza zone.
4:22 of 3rd period - Snap shot by Teemu Pulkkinen.
4:22 of 3rd period - Shot Misses the Net.
4:24 of 3rd period - Wrist shot by Jerry D'Amigo.
4:24 of 3rd period - Stopped by Thomas McCollum without a rebound.
4:25 of 3rd period - Zac Rinaldo wins face-off versus Mark Scheifele in Influenza zone.
4:26 of 3rd period - Snap shot by Mason Raymond.
4:26 of 3rd period - Goal by Mason Raymond - Influenza : 6 - Saguenéens : 3.
4:27 of 3rd period - Mark Scheifele wins face-off versus Zac Rinaldo in neutral zone.
4:33 of 3rd period - Snap shot by Mark Scheifele.
4:33 of 3rd period - Stopped by Martin Jones with a rebound.
4:43 of 3rd period - Mark Scheifele is hit by Carson Mcmillan and loses puck.
5:02 of 3rd period - Off-side.
5:03 of 3rd period - Juraj Mikus wins face-off versus Charlie Coyle in neutral zone.
5:07 of 3rd period - Minor Penalty to Beau Bennett for Hooking.
5:08 of 3rd period - Mark Olver wins face-off versus Zac Rinaldo in Influenza zone.
5:44 of 3rd period - Carson Mcmillan is hit by Jeremy Morin and loses puck.
6:17 of 3rd period - Wrist shot by Nikita Kucherov.
6:17 of 3rd period - Shot Misses the Net.
6:19 of 3rd period - Slapshot by Brett Lebda.
6:19 of 3rd period - Shot Blocked by Lane MacDermid.
6:21 of 3rd period - Slapshot by Luke Witkowski.
6:21 of 3rd period - Shot Blocked by Mark Scheifele.
6:23 of 3rd period - Slapshot by Luke Witkowski.
6:23 of 3rd period - Stopped by Thomas McCollum without a rebound.
6:24 of 3rd period - Mark Olver wins face-off versus Juraj Mikus in Influenza zone.
7:07 of 3rd period - Penalty to Beau Bennett is over, Beau Bennett is back on ice.
7:35 of 3rd period - Henrik Samuelsson is hit by Jimmy Vesey and loses puck.
7:50 of 3rd period - T.J Galiardi is hit by Calle Andersson and loses puck.
7:59 of 3rd period - Snap shot by Jerry D'Amigo.
7:59 of 3rd period - Shot Blocked by Jeff May.
8:27 of 3rd period - Beau Bennett is hit by Jake McCabe and loses puck.
8:47 of 3rd period - Jeff May is hit by Rhett Rakhshani and loses puck.
10:07 of 3rd period - Jeremy Morin is hit by Juraj Mikus and loses puck.
10:49 of 3rd period - Snap shot by Oskars Bartulis.
10:49 of 3rd period - Deflect By Jordan Schroeder.
10:49 of 3rd period - Stopped by Martin Jones without a rebound.
10:50 of 3rd period - Jordan Schroeder wins face-off versus Teemu Pulkkinen in Saguenéens zone.
11:03 of 3rd period - Jordan Schroeder is hit by Jerry D'Amigo and loses puck.
11:26 of 3rd period - Slapshot by Jordan Schroeder.
11:26 of 3rd period - Shot Misses the Net.
11:28 of 3rd period - Snap shot by Jordan Schroeder.
11:28 of 3rd period - Stopped by Martin Jones with a rebound.
11:58 of 3rd period - Mikhail Grigorenko is hit by Jordan Schroeder and loses puck.
12:11 of 3rd period - Jordan Schroeder is hit by Nick Mattson.
13:17 of 3rd period - Nick Mattson is hit by Oskars Bartulis and loses puck.
13:30 of 3rd period - Tim Erixon is hit by Nick Mattson and loses puck.
13:43 of 3rd period - Wrist shot by Iiro Pakarinen.
13:43 of 3rd period - Shot Misses the Net.
13:51 of 3rd period - Tim Erixon is hit by Nick Mattson and loses puck.
13:56 of 3rd period - Slapshot by Jerry D'Amigo.
13:56 of 3rd period - Stopped by Thomas McCollum with a rebound.
13:58 of 3rd period - Slapshot by Jake McCabe.
13:58 of 3rd period - Stopped by Thomas McCollum with a rebound.
14:30 of 3rd period - Wrist shot by Jordan Schroeder.
14:30 of 3rd period - Deflect By Iiro Pakarinen.
14:30 of 3rd period - Stopped by Martin Jones with a rebound.
15:01 of 3rd period - Jerry D'Amigo is hit by Oskars Bartulis and loses puck.
15:10 of 3rd period - Slapshot by Oskars Bartulis.
15:10 of 3rd period - Deflect By Iiro Pakarinen.
15:10 of 3rd period - Stopped by Martin Jones with a rebound.
15:16 of 3rd period - Mikhail Grigorenko is hit by Tim Erixon and loses puck.
15:25 of 3rd period - Wrist shot by Teemu Pulkkinen.
15:25 of 3rd period - Shot Misses the Net.
15:27 of 3rd period - Snap shot by Teemu Pulkkinen.
15:27 of 3rd period - Shot Misses the Net.
15:29 of 3rd period - Slapshot by Jake McCabe.
15:29 of 3rd period - Shot Misses the Net.
15:57 of 3rd period - Slapshot by Jordan Schroeder.
15:57 of 3rd period - Stopped by Martin Jones with a rebound.
16:03 of 3rd period - Snap shot by Iiro Pakarinen.
16:03 of 3rd period - Stopped by Martin Jones without a rebound.
16:04 of 3rd period - Mark Scheifele wins face-off versus Zac Rinaldo in Saguenéens zone.
16:13 of 3rd period - Snap shot by Luke Witkowski.
16:13 of 3rd period - Shot Misses the Net.
16:36 of 3rd period - Slapshot by Brett Lebda.
16:36 of 3rd period - Stopped by Thomas McCollum with a rebound.
17:17 of 3rd period - Slapshot by Juraj Mikus.
17:17 of 3rd period - Goal by Juraj Mikus - Influenza : 6 - Saguenéens : 4.
17:18 of 3rd period - Henrik Samuelsson wins face-off versus Mark Olver in neutral zone.
17:37 of 3rd period - Lane MacDermid is hit by Craig Cunningham and loses puck.
17:49 of 3rd period - Off-side.
17:50 of 3rd period - Mark Scheifele wins face-off versus Zac Rinaldo in neutral zone.
17:53 of 3rd period - Snap shot by Jeremy Morin.
17:53 of 3rd period - Stopped by Martin Jones without a rebound.
17:54 of 3rd period - Henrik Samuelsson wins face-off versus Jeremy Morin in Saguenéens zone.
18:36 of 3rd period - Icing by Paul Ladue.
18:37 of 3rd period - Mark Olver wins face-off versus Juraj Mikus in Influenza zone.
18:37 of 3rd period - Mark Olver is hit by Carl Hagelin.
18:43 of 3rd period - Snap shot by T.J Galiardi.
18:43 of 3rd period - Stopped by Martin Jones with a rebound.
19:01 of 3rd period - Off-side.
19:02 of 3rd period - Mark Scheifele wins face-off versus Henrik Samuelsson in neutral zone.
19:05 of 3rd period - Rhett Rakhshani is hit by Jeremy Morin and loses puck.
19:18 of 3rd period - Lane MacDermid is hit by Patrick Sieloff.
19:24 of 3rd period - Wrist shot by Garnet Hathaway.
19:24 of 3rd period - Shot Misses the Net.
Goals for this period are 0 for Influenza vs 2 for Saguenéens.
Shots for this period are 13 for Influenza vs 8 for Saguenéens.
Back to the Top